 Dungeon Crawl Stone Soup version 0.24-a0-125-gdf02491 (console) character file.

Game seed: 3431601854209559107

2098 Duffy the Conjurer (level 9, 0/81 HPs)
             Began as a Naga Fire Elementalist on Feb 24, 2019.
             Was an Initiate of Vehumet.
             Killed by divine providence
             ... invoked by an orc priest
              (13 damage)
             ... on level 7 of the Dungeon.
             The game lasted 00:08:17 (8631 turns).

Duffy the Conjurer (Naga Fire Elementalist)         Turns: 8631, Time: 00:08:17

Health: 0/81       AC:  7    Str: 11    XL:     9   Next: 28%
Magic:  8/16       EV:  8    Int: 19    God:    Vehumet [......]
Gold:   436        SH:  9    Dex: 14    Spells: 4/17 levels left

rFire    + . .     SeeInvis +   n - +4 dagger (venom)
rCold    + . .     Gourm    +   C - +0 shield
rNeg     . . .     Faith    .   D - +1 robe {rC+ rF+}
rPois    +         Spirit   .   (no helmet)
rElec    .         Reflect  .   w - +0 cloak
rCorr    .         Harm     .   f - +0 pair of gloves
MR       +....                  (no barding)
Stlth    ++........             H - amulet of the gourmand
HPRegen  0.23/turn              e - +3 ring of dexterity
MPRegen  0.15/turn              (no ring)

@: very slow
A: large, see invisible, deformed body, poison resistance, slowness 2, slow
metabolism 1, spit poison 1, AC +3
a: Spit Poison, Renounce Religion


You were on level 7 of the Dungeon.
You worshipped Vehumet.
Vehumet was noncommittal.
You were near starving.

You visited 2 branches of the dungeon, and saw 8 of its levels.

You collected 436 gold pieces.

Inventory:

Hand Weapons
 n - a +4 dagger of venom (weapon)
 x - a +1 dagger of electrocution
Missiles
 k - 2 exploding tomahawks (quivered)
Armour
 f - a +0 pair of gloves (worn)
 w - a +0 cloak (worn)
 C - a +0 shield (worn)
 D - a +1 robe of resistance (worn)
Magical Staves
 j - an uncursed staff of cold {!a}
 F - an uncursed staff of earth {!a}
Jewellery
 e - a +3 ring of dexterity (left hand)
 H - an amulet of the gourmand (around neck)
Wands
 h - a wand of digging (5)
 v - a wand of flame (15)
 E - a wand of iceblast (8)
Scrolls
 b - 4 scrolls of identify
 d - 3 scrolls of amnesia
 i - a scroll of remove curse {unknown}
 m - 2 scrolls of magic mapping
 q - 5 scrolls of teleportation
 t - a scroll of enchant weapon
 y - 2 scrolls of noise {unknown}
 A - 3 scrolls of fear {unknown}
 G - a scroll of random uselessness {unknown}
Potions
 a - a potion of cancellation
 g - 3 potions of curing
 l - 4 potions of agility
 o - a potion of heal wounds
 p - a potion of flight {unknown}
 r - a potion of degeneration {unknown}
 s - a potion of brilliance
 u - a potion of resistance
 z - a potion of berserk rage
 B - a potion of lignification {unknown}
Comestibles
 c - 10 rations


   Skills:
 + Level 5.4 Fighting
 - Level 1.5 Dodging
 - Level 3.0 Stealth
 + Level 4.5 Shields
 - Level 4.7 Spellcasting
 - Level 5.6 Conjurations
 - Level 5.6 Fire Magic


You had 4 spell levels left.
You knew the following spells:

 Your Spells              Type           Power        Failure   Level  Hunger
h - Flame Tongue          Conj/Fire      ####.        3%          1    None
j - Sticky Flame          Conj/Fire      ####....     32%         4    ####...
k - Fireball              Conj/Fire      ####......   67%         5    ######.
l - Conjure Flame         Conj/Fire      ####....     10%         3    ##.....

Your spell library contained the following spells:

 Spells                   Type           Power        Failure   Level  Hunger
 Throw Flame              Conj/Fire      ####..       4%          2    #......
 Inner Flame              Hex/Fire       ###.....     30%         3    ##.....
 Animate Skeleton         Necr           N/A          32%         1    None
 Pain                     Necr           #...         32%         1    None
 Regeneration             Chrm/Necr      #.........   69%         3    ##.....
 Vampiric Draining        Necr           #.........   69%         3    ##.....
 Animate Dead             Necr           N/A          97%         4    ####...


Dungeon Overview and Level Annotations

Branches:
Dungeon (7/15)             Temple (1/1) D:7

Altars:
Cheibriados
Dithmenos
Elyvilon
Fedhas
Gozag
Hepliaklqana
Kikubaaqudgha
Makhleb
Nemelex Xobeh
Okawaru
Qazlal
Ru
Sif Muna
Trog
Uskayaw
Vehumet
Wu Jian
Yredelemnul
Zin
The Shining One

Annotations:
D:3 3 runed translucent doors, pidr's ghost, amateur DsAs


Innate Abilities, Weirdness & Mutations

You cannot wear boots.
Your serpentine skin is tough. (AC +3)
You have supernaturally acute eyesight. (SInv)
Armour fits poorly on your strangely shaped body.
Your system is resistant to poisons. (rPois)
You cover ground very slowly.
You have a slow metabolism.
You can spit poison.


Message History

The spell is quite dangerous to cast (32% risk of failure)!
Continue anyway?
Okay, then.
You hit the orc warrior but do no damage.
The orc warrior looks as sick as possible!
The orc warrior is lightly wounded.
The orc warrior closely misses you.
Unknown command.
Cast which spell? (? or * to list)
The spell is quite dangerous to cast (32% risk of failure)!
Continue anyway?
Aiming: Sticky Flame (quite dangerous; 32% risk of failure)
Press: ? - help, Shift-Dir - straight line, f/p - orc warrior
Aim: an orc warrior, wielding a +0 short sword and wearing a +0 plate armour (lightly wounded, poisoned)
The sticky flame hits the orc warrior.
The orc warrior is lightly wounded.
The orc warrior is covered in liquid flames!
You are near starving!
The orc warrior burns!
The orc priest mumbles some strange prayers to Beogh against you.
Beogh smites you!
You die...

#..........
#.#
#.##...##..
##.##
#.##...##..
#../#
#..........
...
#####.#####
... ..# #o#
### #o# #@#
#.# #.# #.#
#.# #.# #.#
### #.#
##.#####
##.##
#########


You could see an orc warrior (burning) and an orc priest.

Vanquished Creatures
  A black bear (D:7)
  A sky beast (D:7)
  A necrophage (D:6)
  4 ogres
  2 phantoms
  2 bullfrogs
  A scorpion (D:5)
  4 killer bees (D:7)
  5 wights (D:6)
  A howler monkey (D:5)
  4 crimson imps
  2 hounds (D:7)
  5 orc wizards
  An orc priest (D:7)
  4 iguanas
  3 worker ants
  A hound skeleton (D:4)
  A howler monkey zombie (D:5)
  A worker ant zombie (D:5)
  5 adders
  An ooze (D:1)
  2 adder skeletons
  3 dart slugs (D:1)
  A leopard gecko (D:1)
  12 orcs
  5 ball pythons
  3 giant cockroaches
  6 goblins
  4 hobgoblins
  2 jackals (D:3)
  6 kobolds
  3 quokkas
  6 bats
  7 frilled lizards
  A leopard gecko skeleton (D:2)
  6 rats
117 creatures vanquished.

Notes
Turn   | Place    | Note
-------+----------+-------------------------------------------
     0 | D:1      | Duffy the Naga Fire Elementalist began the quest for the
                  | Orb.
     0 | D:1      | Reached XP level 1. HP: 15/15 MP: 3/3
   125 | D:1      | Reached XP level 2. HP: 22/22 MP: 1/5
   518 | D:1      | Reached XP level 3. HP: 28/28 MP: 6/6
   526 | D:1      | Learned a level 3 spell: Conjure Flame
  1578 | D:2      | Found an opulent altar of Gozag.
  1579 | D:2      | Found a glowing silver altar of Zin.
  1582 | D:2      | Found a white marble altar of Elyvilon.
  2300 | D:3      | Reached XP level 4. HP: 34/36 MP: 1/7
  2677 | D:3      | Learned a level 4 spell: Sticky Flame
  2732 | D:3      | Found a faded altar of an unknown god.
  2736 | D:3      | Found a runed translucent gate.
  2736 | D:3      | Found a runed translucent gate.
  2743 | D:3      | Noticed pidr's ghost (amateur DsAs)
  2752 | D:3      | Found a runed translucent gate.
  2964 | D:3      | Reached XP level 5. HP: 37/42 MP: 7/9
  3163 | D:4      | Noticed an ogre
  3165 | D:4      | Noticed a phantom
  3183 | D:4      | Killed an ogre
  3341 | D:3      | Killed a phantom
  3341 | D:3      | Reached XP level 6. HP: 27/49 MP: 1/11
  3772 | D:4      | Found a deep blue altar of Sif Muna.
  4005 | D:5      | Entered Level 5 of the Dungeon
  4126 | D:5      | Reached XP level 7. HP: 42/55 MP: 12/12
  4204 | D:5      | Learned a level 5 spell: Fireball
  4616 | D:5      | Reached skill level 5 in Conjurations
  4616 | D:5      | Reached skill level 5 in Fire Magic
  5084 | D:5      | Found a deep blue altar of Sif Muna.
  5089 | D:5      | Reached XP level 8. HP: 62/62 MP: 13/15
  5653 | D:6      | Reached skill level 1 in Fighting
  5712 | D:6      | Reached skill level 1 in Shields
  7224 | D:7      | Found a staircase to the Ecumenical Temple.
  7313 | Temple   | Entered the Ecumenical Temple
  7477 | Temple   | Became a worshipper of Vehumet
  7546 | D:7      | Reached XP level 9. HP: 63/79 MP: 8/16
  8041 | D:7      | Reached skill level 5 in Fighting
  8631 | D:7      | Killed from afar by an orc priest

Levels and vault maps discovered:
D:1:      minmay_arrival_four_houses, layout_loops_ring
D:2:      layout_basic, minitemple
D:3:      layout_rooms, chequers_ecumenical_altar_simple_redux, first_ration,
          gammafunk_ghost_split
D:4:      layout_cave_pools, led_sif_pool
D:5:      layout_layer_cave, minmay_ruined_shrine
D:6:      layout_basic
D:7:      layout_loops_corners, minmay_temple_entry_stoned_glass, the_bakery
Temple:   regret_index_temple_sphere_string

Skill      XL: |  1  2  3  4  5  6  7  8  9 |
---------------+----------------------------+-----
Conjurations   | 2 3 4 5 |  5.6
Spellcasting   | 3 4 |  4.7
Fire Magic     | 4 5 |  5.6
Fighting       | 4 5 |  5.4
Shields        | 3 4 |  4.5
Dodging        | |  1.5
Stealth        | |  3.0

Action                   |  1- 3 |  4- 6 |  7- 9 || total
-------------------------+-------+-------+-------++-------
Melee: Dagger            |       |    69 |   200 ||   269
 Cast: Flame Tongue      |    46 |    37 |    43 ||   126
       Conjure Flame     |       |     1 |     2 ||     3
       Sticky Flame      |       |       |     5 ||     5
 Abil: Spit Poison       |    21 |     6 |       ||    27
  Use: Scroll            |     2 |     7 |     4 ||    13
 Stab: Sleeping          |       |     1 |     6 ||     7
  Eat: Chunk             |     2 |     2 |     7 ||    11
       Ration            |     1 |     1 |     1 ||     3
Armor: Robe              |     2 |       |    37 ||    39
       Ring mail         |    10 |    47 |    35 ||    92
Dodge: Dodged            |    16 |    43 |    79 ||   138
Block: Shield            |       |       |    16 ||    16

Table legend:
 A = Non-vault XP
 B = Vault XP
 C = Vault XP percentage of total XP
 D = Non-vault monster count
 E = Vault monster count
 F = Vault count percentage of total count
                 A         B        C        D         E       F
            +---------+---------+-------+---------+---------+-------
      Total |    2728 |     270 |   9.0 |     112 |       5 |   4.3
            +---------+---------+-------+---------+---------+-------
        D:1 |      60 |       0 |   0.0 |      30 |       0 |   0.0
        D:2 |      23 |       0 |   0.0 |       7 |       0 |   0.0
        D:3 |     204 |       0 |   0.0 |      23 |       0 |   0.0
        D:4 |     179 |       0 |   0.0 |       6 |       0 |   0.0
        D:5 |     481 |     270 |  36.0 |      14 |       5 |  26.3
        D:6 |     885 |       0 |   0.0 |      15 |       0 |   0.0
        D:7 |     896 |       0 |   0.0 |      17 |       0 |   0.0
            +---------+---------+-------+---------+---------+-------
